 Dungeon Crawl Stone Soup version 0.31-a0-889-g1a8549509d (webtiles) character file.

Game seed: 7721452791052699265

236 Kuronicle the Trooper (level 5, -4/42 HPs)
             Began as a Demonspawn Fighter on Oct 16, 2023.
             Slain by Sigmund
             ... wielding a +0 scythe
              (9 damage)
             ... on level 4 of the Dungeon.
             The game lasted 00:04:17 (2688 turns).

Kuronicle the Trooper (Demonspawn Fighter)          Turns: 2688, Time: 00:04:17

Health: -4/42      AC: 10    Str: 18    XL:     5   Next: 77%
Magic:  5/5        EV:  9    Int:  9    God:
Gold:   119        SH:  0    Dex: 13    Spells: 4/4 levels left

rFire   + . .        n - +2 quarterstaff (chaos)
rCold   + . .        (shield currently unavailable)
rNeg    . . .        b - +0 scale mail
rPois   +            (no helmet)
rElec   +            o - +0 cloak
rCorr   +            (no gloves)
SInv    .            (no boots)
Will    .....        h - amulet of magic regeneration
Stlth   +            k - +4 ring of slaying
HPRegen 0.27/turn    (no ring)
MPRegen 0.49/turn

%: no passive effects
@: lit by a corona, resistant, glowing
A: hooves 1, slimy green scales 1
a: no special abilities


You were on level 4 of the Dungeon.
You visited 1 branch of the dungeon, and saw 4 of its levels.

You collected 119 gold pieces.

Inventory:

Hand Weapons
 a - a +0 war axe
 n - a +2 quarterstaff of chaos (weapon)
 p - a +0 hammer
Armour
 b - a +0 scale mail (worn)
 c - a +0 buckler
 o - a +0 cloak (worn)
Jewellery
 h - an amulet of magic regeneration (around neck)
 k - a +4 ring of slaying (left hand)
Scrolls
 f - 3 scrolls of revelation
 m - a scroll of blinking {unknown}
 q - a scroll of immolation {unknown}
 t - a scroll of amnesia {unknown}
 u - a scroll of vulnerability {unknown}
Potions
 d - a potion of might
 i - a potion of lignification {unknown}
 j - a potion of curing {unknown}
 l - a potion of resistance
 r - 2 potions of brilliance {unknown}
 s - a potion of berserk rage {unknown}


   Skills:
 * Level 4.1 Fighting
 - Level 2.8(2.9) Axes
 * Level 1.0(2.2) Polearms
 + Level 1.2(1.4) Staves
 + Level 3.3 Armour
 * Level 1.0 Dodging
 * Level 2.0 Stealth
 + Level 2.9 Shields


You had 4 spell levels left.
You didn't know any spells.
Your spell library contained the following spells:

 Spells                   Type           Power      Damage    Failure   Level
 Lesser Beckoning         Tloc           0%         N/A       88%         2
 Gell's Gravitas          Tloc           0%         N/A       98%         3
 Teleport Other           Tloc           0%         N/A       98%         3
 Vhi's Electric Charge    Tloc/Air       0%         N/A       100%        4
 Arcjolt                  Conj/Air       0%         1d10      100%        5
 Maxwell's Capacitive Co  Air            0%         ∞         100%        8


Dungeon Overview and Level Annotations

Branches:
Dungeon (4/15)
 Temple: D:4-7

Altars:

Annotations:
D:4 Dowan, Sigmund


Innate Abilities, Weirdness & Mutations

You have large cloven feet.
You are partially covered in slimy green scales. (AC +2)


Message History

Duvessa hits you with a +2 short sword of draining.
You feel drained.
You sock Duvessa! Lightning courses through Duvessa!
You kill Duvessa!
Dowan screams, "No!
No!"
Dowan seems to find hidden reserves of power!
Dowan hits you but does no damage. Something hits you.
* * * LOW HITPOINT WARNING * * *
Dowan hits you but does no damage.
Your life force feels restored.
Your Fighting skill increases to level 4!
Your base Polearms skill increases to level 1!
Your Staves skill increases to level 1!
Your Dodging skill increases to level 1!
Your Stealth skill increases to level 2!
You sock Dowan! Your kick misses Dowan.
Dowan is moderately wounded.
Dowan barely misses you.
You hear some strange, mumbled words.
Something tries to affect you, but you resist.
Dowan misses you.
You barely miss Dowan. You kick Dowan.
Dowan is heavily wounded.
Dowan hits you but does no damage. Something hits you but does no damage.
Dowan hits you but does no damage.
You barely miss Dowan. Your kick misses Dowan.
Dowan is heavily wounded.
Dowan closely misses you. Something hits you but does no damage.
Dowan hits you but does no damage.
You closely miss Dowan.
Dowan is heavily wounded.
Dowan hits you but does no damage. Something hits you!
* * * LOW HITPOINT WARNING * * *
Dowan hits you but does no damage.
You feel protected. Dowan hits you but does no damage.
You sock Dowan!
Dowan seems to slow down.
Dowan is severely wounded.
Something hits you!
You die...

#.........#
#.........##
########...........
.................#
...........<.....#
........#........#
........#........#
.......e#..........
.......@).........#
##.######.........#
#.........#
#§........#
#......###.....
........# ....
..e.....? ...
......... ..
.........#


You could see Dowan (fast, slow).

Vanquished Creatures
  Duvessa (D:4)
  Crazy Yiuf (D:2)
  Jessica (D:2)
  4 worms
  A dart slug (D:3)
  6 orcs (D:3)
  7 endoplasms
  4 giant cockroaches
  3 goblins
  5 hobgoblins
  2 kobolds
  5 quokkas
  5 ball pythons
  8 bats
  5 frilled lizards
  4 rats
62 creatures vanquished.

Notes
Turn   | Place    | Note
-------+----------+-------------------------------------------
     0 | D:1      | Kuronicle the Demonspawn Fighter began the quest for the
                  | Orb.
     0 | D:1      | Reached XP level 1. HP: 18/18 MP: 1/1
   122 | D:1      | Gained mutation: You have large cloven feet. [demonic
                  | ancestry]
   122 | D:1      | Reached XP level 2. HP: 21/24 MP: 2/2
   926 | D:2      | Noticed Jessica
   930 | D:2      | Killed Jessica
   931 | D:2      | Reached skill level 1 in Stealth
   931 | D:2      | Reached XP level 3. HP: 29/29 MP: 3/3
  1326 | D:2      | Reached XP level 4. HP: 21/36 MP: 4/4
  1660 | D:2      | Found a runed translucent door.
  1661 | D:2      | Noticed Crazy Yiuf
  1952 | D:2      | Killed Crazy Yiuf
  2471 | D:3      | Gained mutation: You are partially covered in slimy green
                  | scales. (AC +2) [demonic ancestry]
  2471 | D:3      | Reached XP level 5. HP: 42/42 MP: 5/5
  2665 | D:4      | Noticed Sigmund
  2665 | D:4      | Noticed Dowan
  2666 | D:4      | Noticed Duvessa
  2682 | D:4      | Killed Duvessa
  2683 | D:4      | Reached skill level 4 in Fighting
  2683 | D:4      | Reached skill level 1 in Polearms
  2683 | D:4      | Reached skill level 1 in Staves
  2683 | D:4      | Reached skill level 1 in Dodging
  2688 | D:4      | Slain by Sigmund

Illustrated notes

Levels and vault maps discovered:
D:1:      wheals_arrival_linesprint, layout_loops_ring,
          minmay_misc_feat_secret_circle
D:2:      layout_basic, minmay_unequal, uniq_jessica, uniq_crazy_yiuf_cottage
D:3:      layout_rooms, kennysheep_big_empty_room
D:4:      layout_rooms, minmay_temple_entry_junction_2, uniq_sigmund,
          uniq_duvessa, uniq_eustachio

Skill      XL: |  1  2  3  4  5 |
---------------+----------------+-----
Axes           | 2 |  2.8
Armour         | 3 |  3.3
Stealth        | 1 2 |  2.0
Fighting       | 4 |  4.1
Polearms       | 1 |  1.0
Staves         | 1 |  1.2
Dodging        | 1 |  1.0
Shields        | |  2.9

Action                     |  1- 3 |  4- 6 || total
---------------------------+-------+-------++-------
  Melee: War axe           |    73 |     9 ||    82
         Kick              |    12 |    13 ||    25
         Quarterstaff      |       |    37 ||    37
    Use: Scroll            |     2 |     2 ||     4
         Potion            |       |     1 ||     1
 Armour: Scale mail        |    51 |    45 ||    96
  Dodge: Dodged            |    25 |    18 ||    43
  Block: Buckler           |    17 |     2 ||    19

Table legend: (Time is in decaauts)
 A = Elapsed time spent in this place.
 B = Non-inter-level travel time spent in this place.
 C = Inter-level travel time spent in this place.
 D = Time resting spent in this place.
 E = Time spent auto-exploring this place.
 F = Levels seen in this place.
 G = Mean time per level.
                   A        B        C        D        E       F      G
               +--------+--------+--------+--------+--------+-----+--------+
         Total |   2731 |   2552 |    179 |     97 |   2071 |   4 |  682.8 |
       Dungeon |   2731 |   2552 |    179 |     97 |   2071 |   4 |  682.8 |
               +--------+--------+--------+--------+--------+-----+--------+

Top non-repeatable levels by time:
     D:2: 1260 daAuts
     D:1: 948 daAuts
     D:3: 490 daAuts
     D:4: 32 daAuts
